 Dungeon Crawl Stone Soup version 0.29.1-15-g9cfb28693d (webtiles) character file.

Game seed: 561755318008668486

18 QwertyIsDirtey the Trooper (level 2, -2/26 HPs)
             Began as a Draconian Cinder Acolyte on Mar 24, 2023.
             Was a High Priest of Ignis.
             Slain by an adder (3 damage)
             ... on level 2 of the Dungeon.
             The game lasted 00:01:26 (311 turns).

QwertyIsDirtey the Trooper (DrCA)                    Turns: 311, Time: 00:01:27

Health: -2/26      AC:  4    Str: 16    XL:     2   Next: 51%
Magic:  3/3        EV: 11    Int: 14    God:    Ignis [*****.]
Gold:   15         SH:  0    Dex:  6    Spells: 3/3 levels left

rFire   + . .      SeeInvis +   a - -1 falchion (flame)
rCold   . . .      Faith    .   (no shield)
rNeg    . . .      Spirit   .   (body armour unavailable)
rPois   .          Reflect  .   (helmet restricted)
rElec   .          Harm     .   (no cloak)
rCorr   .          Rampage  .   (no gloves)
Will    .....                   (no boots)
Stlth   +.........              (no amulet)
HPRegen 0.08/turn               d - ring of see invisible
MPRegen 0.08/turn               (no ring)

@: lethally poisoned (-2 -> -5)
A: AC +4, unfitting armour, cold-blooded
a: Renounce Religion, Fiery Armour, Foxfire Swarm, Rising Flame


You were on level 2 of the Dungeon.
You worshipped Ignis.
Ignis was extremely pleased with you.
You visited 1 branch of the dungeon, and saw 2 of its levels.

You collected 15 gold pieces.

Inventory:

Hand Weapons
 a - a -1 falchion of flaming (weapon)
Missiles
 f - 5 poisoned darts (quivered)
Jewellery
 d - a ring of see invisible (left hand)
Scrolls
 b - a scroll of teleportation {unknown}
Potions
 c - a potion of heal wounds {unknown}
 e - a potion of curing {unknown}


   Skills:
 + Level 3.4 Fighting
 + Level 3.4 Long Blades
 + Level 0.6 Dodging
 + Level 1.0 Spellcasting
 + Level 3.2 Fire Magic


You had 3 spell levels left.
You didn't know any spells.
Your spell library contained the following spells:

 Spells                   Type           Power      Damage    Failure   Level
 Scorch                   Fire           18%        2d5       11%         2


Dungeon Overview and Level Annotations

Branches:
Dungeon (2/15)

Altars:


Innate Abilities, Weirdness & Mutations

Your plain brown scales are hard. (AC +4)
You cannot fit into any form of body armour.
You are cold-blooded and may be slowed by cold attacks.


Message History

Unknown command.
You hit the bat. You burn the bat.
You kill the bat!
Unknown command.
You see here a bat corpse.
Unknown command.
Found a stone staircase leading down.
Found 13 gold pieces.
You now have 15 gold pieces (gained 13).
You see here 5 poisoned darts.
You see here 5 poisoned darts.
f - 5 poisoned darts
There is a stone staircase leading down here.
Unknown command.
You climb downwards.
The ball python hisses angrily.
The adder hisses angrily.
You hear an angry hiss.
Found 5 stones and 2 yellow potions.
Found a stone staircase leading down.
There is a stone staircase leading up here.
Found a stone staircase leading down.
You completely miss the adder. The adder closely misses you.
The adder bites you.
* * * LOW HITPOINT WARNING * * *
You are lethally poisoned!
The adder poisons you!
An adder comes into view.
Unknown command.
Unknown command.
You hit the adder. You burn the adder.
The adder is heavily wounded.
* * * LOW HITPOINT WARNING * * *
You feel sick. The adder bites you but does no damage.
Unknown command.
* * * LOW HITPOINT WARNING * * *
You feel sick. The adder misses you.
You see here 2 yellow potions.
* * * LOW HITPOINT WARNING * * *
You feel sick. The adder attacks as you move away! The adder bites you.
You die...

>. .#
########.##.###
.............. #
............###.
...............
....(........#
.......<.....##.#
####.S..S.......#
#.......S@.###
#..........#
#...##.#.###
#........#
#........#
..........#
###.>##...# ##.
#.###


You could see 2 adders and a ball python.

Vanquished Creatures
  A dart slug (D:1)
  An endoplasm (D:1)
  A hobgoblin (D:1)
  4 kobolds (D:1)
  A quokka (D:1)
  A ball python (D:1)
  4 bats (D:1)
  2 frilled lizards (D:1)
  2 rats (D:1)
17 creatures vanquished.

Notes
Turn   | Place    | Note
-------+----------+-------------------------------------------
     0 | D:1      | QwertyIsDirtey the Draconian Cinder Acolyte began the quest
                  | for the Orb.
     0 | D:1      | Reached XP level 1. HP: 19/19 MP: 2/2
   149 | D:1      | Reached XP level 2. HP: 12/26 MP: 3/3
   246 | D:1      | HP: 1/26 [kobold/+0 dagger (2)]
   310 | D:2      | HP: 1/26 [poisoned by an adder]
   311 | D:2      | Slain by an adder

Illustrated notes

Levels and vault maps discovered:
D:1:      lemuel_arrival_funnel, layout_loops_ring, minmay_misc_feat_x,
          hangedman_decor_diamond_cutter, grunt_decor_arrowhead
D:2:      layout_basic

Action                   || total
-------------------------++-------
Melee: Falchion          ||    46
       Tailslap          ||     4
Armor: Skin              ||    47
Dodge: Dodged            ||    84
